 Seeded DCSS version 0.31-a0-210-gccc998df9b (webtiles) character file.

Game seed: 8113056780134302019 (custom seed)

132 innerfire43 the Ducker (level 4, 0/37 HPs)
             Began as a Demonspawn Monk on June 29, 2023.
             Slain by Grinder (6 damage)
             ... on level 3 of the Dungeon on June 30, 2023.
             The game lasted 00:04:20 (1836 turns).

innerfire43 the Ducker (Demonspawn Monk)            Turns: 1836, Time: 00:04:20

Health: 0/37       AC:  7    Str: 12 (13) XL:     4   Next: 92%
Magic:  4/4        EV:  9    Int: 11 (12) God:
Gold:   105        SH: 12    Dex: 17 (18) Spells: 3/3 levels left

rFire   + . .        a - +0 falchion
rCold   . . .        j - +0 tower shield
rNeg    . . .        b - +0 robe
rPois   .            h - +0 helmet
rElec   .            q - +0 cloak
rCorr   .            k - +0 pair of fencer's gloves {Riposte Dex+3}
SInv    +            (no boots)
Will    .....        (no amulet)
Stlth   ++           e - ring of see invisible
HPRegen 0.26/turn    l - ring of protection from fire
MPRegen 0.09/turn

%: no passive effects
@: studying Dodging
A: thin metallic scales 1, demonic touch 1
a: no special abilities


You were on level 3 of the Dungeon.
You visited 1 branch of the dungeon, and saw 3 of its levels.

You collected 105 gold pieces.

Inventory:

Hand Weapons
 a - a +0 falchion (weapon)
Armour
 b - a +0 robe (worn)
 d - an orb of light
 h - a +0 helmet (worn)
 j - a +0 tower shield (worn)
 k - the +0 pair of fencer's gloves (worn) {Riposte Dex+3}
   (You acquired it on level 2 of the Dungeon)

   Riposte:   It allows the wearer to riposte with melee weapons, swiftly
   retaliating against missed or blocked melee attacks.
   Dex:       It affects your dexterity (+3).
 q - a +0 cloak (worn)
Jewellery
 e - a ring of see invisible (left hand)
 l - a ring of protection from fire (right hand)
 m - a ring of ice
Scrolls
 g - a scroll of vulnerability
 i - 2 scrolls of teleportation
 o - a scroll of blinking {unknown}
 p - a scroll of enchant weapon {unknown}
 r - 2 scrolls of fog
Potions
 c - a potion of ambrosia
 n - a potion of heal wounds


   Skills:
 + Level 3.9 Fighting
 + Level 3.4 Long Blades
 * Level 4.6 Dodging
 * Level 0.7 Shields


You had 3 spell levels left.
You didn't know any spells.
Your spell library was empty.

Dungeon Overview and Level Annotations

Branches:
Dungeon (3/15)

Altars:

Shops:
D:1 ?

Annotations:
D:3 Grinder


Innate Abilities, Weirdness & Mutations

You are partially covered in thin metallic scales. (AC +2)
Your touch may inflict minor irresistible damage on your foes.


Message History

Grinder says, "Don't move a muscle."
Grinder hits you but does no damage. Grinder hits you.
You writhe in agony.
You hit Grinder.
Grinder is severely wounded.
Grinder gestures at you. Pain shoots through your body!
* * * LOW HITPOINT WARNING * * *
You barely miss Grinder.
Grinder is severely wounded.
You block Grinder's attack.
You riposte.
You hit Grinder.
Grinder is severely wounded.
You block Grinder's attack.
You riposte.
You hit Grinder.
Grinder is severely wounded.
You feel much better.
Grinder blinks!
Grinder blinks!
You hit Grinder.
Grinder is severely wounded.
Grinder hits you!
You writhe in agony.
Grinder gestures at you.
You suddenly lose the ability to move!
Grinder gestures at you.
You shrug off the repeated paralysis!
Grinder gestures at you. Pain shoots through your body! Grinder hits you.
* * * LOW HITPOINT WARNING * * *
You can move again.
You hit Grinder.
Grinder is severely wounded.
Grinder gestures at you.
You barely resist. You hit Grinder.
Grinder is severely wounded.
Grinder hits you but does no damage. You block Grinder's attack.
You hit Grinder.
Grinder is almost dead.
Grinder hits you.
* * * LOW HITPOINT WARNING * * *
You writhe in agony.
You die...

# # # # # #. ##############
# ####.#####...##.......# #
?........[...##.......######
....>.......................
...........@.##.......######
##########..5##.......# #
#.............#
#.......####### #.......#
#.......# #.......#
#....^..# #.......#


You could see Grinder.

Vanquished Creatures
  A gnoll (D:1)
  5 adders
  2 worms (D:2)
  4 dart slugs
  3 orcs (D:3)
  9 ball pythons
  10 bats
  4 endoplasms
  5 giant cockroaches
  6 goblins
  A hobgoblin (D:3)
  4 kobolds
  A quokka (D:1)
  A frilled lizard (D:3)
  3 rats
59 creatures vanquished.

Notes
Turn   | Place    | Note
-------+----------+-------------------------------------------
     0 | D:1      | innerfire43 the Demonspawn Monk began the quest for the
                  | Orb.
     0 | D:1      | Reached XP level 1. HP: 18/18 MP: 1/1
    72 | D:1      | Gained mutation: Your touch may inflict minor irresistible
                  | damage on your foes. [demonic ancestry]
    72 | D:1      | Reached XP level 2. HP: 24/24 MP: 2/2
    89 | D:1      | Reached skill level 3 in Dodging
   218 | D:1      | Identified a scroll of acquirement
   218 | D:1      | Acquired a manual of Dodging
   274 | D:1      | Reached XP level 3. HP: 21/29 MP: 3/3
   384 | D:1      | Found Ponycs's Magic Scroll Shop.
   716 | D:2      | Reached skill level 4 in Dodging
   716 | D:2      | Gained mutation: You are partially covered in thin metallic
                  | scales. (AC +2) [demonic ancestry]
   716 | D:2      | Reached XP level 4. HP: 35/37 MP: 4/4
  1371 | D:2      | Acquired the +0 pair of fencer's gloves {Riposte Dex+3}
  1371 | D:2      | Found the +0 pair of fencer's gloves {Riposte Dex+3}
  1808 | D:3      | Noticed Grinder
  1830 | D:3      | Paralysed by Grinder for 4 turns
  1836 | D:3      | Slain by Grinder

Illustrated notes

Levels and vault maps discovered:
D:1:      roderic_crossed_star, layout_rooms, serial_shops, nicolae_diamond_shop
D:2:      layout_loops_cross
D:3:      layout_basic, uniq_grinder

Skill      XL: |  1  2  3 |
---------------+----------+-----
Dodging        | 3 4 |  4.6
Long Blades    | 3 |  3.4
Fighting       | |  3.9
Shields        | |  0.7

Action                     |  1- 3 |  4- 6 || total
---------------------------+-------+-------++-------
  Melee: Falchion          |    73 |   107 ||   180
    Use: Scroll            |     5 |     1 ||     6
         Potion            |       |     3 ||     3
   Stab: Distracted        |       |     1 ||     1
 Armour: Robe              |    20 |    50 ||    70
  Dodge: Dodged            |    65 |    48 ||   113
  Block: Tower shield      |       |    70 ||    70
Riposte: Falchion          |       |    39 ||    39

Table legend: (Time is in decaauts)
 A = Elapsed time spent in this place.
 B = Non-inter-level travel time spent in this place.
 C = Inter-level travel time spent in this place.
 D = Time resting spent in this place.
 E = Time spent auto-exploring this place.
 F = Levels seen in this place.
 G = Mean time per level.
                   A        B        C        D        E       F      G
               +--------+--------+--------+--------+--------+-----+--------+
         Total |   1891 |   1825 |     66 |      0 |   1325 |   3 |  630.3 |
       Dungeon |   1891 |   1825 |     66 |      0 |   1325 |   3 |  630.3 |
               +--------+--------+--------+--------+--------+-----+--------+

Top non-repeatable levels by time:
     D:2: 844 daAuts
     D:1: 586 daAuts
     D:3: 460 daAuts
